TOP OF THE 1ST |
BlackIron Dragons batting - Pitching for Santa Fe Diablos : RHP Darryl Carter
|
Pitching: RHP Darryl Carter
|
|
Batting: RHB Mark Arnold
|
0-0: Called Strike 0-1: Ball 1-1: Called Strike 1-2: Strikes out swinging
|
Batting: RHB Boyd Pittman
|
0-0: Ball 1-0: SINGLE (Groundball, 56D)
|
Batting: RHB Gil Palmer
|
0-0: Ball 1-0: Ball 2-0: Ball 3-0: Base on Balls Boyd Pittman to second
|
Batting: SHB Rick Turner
|
0-0: Called Strike 0-1: Called Strike 0-2: Ball 1-2: Foul Ball, location: 2F 1-2: Strikes out swinging
|
Batting: RHB Edgardo Carrasco
|
0-0: Fly out, F7 (Line Drive, 7S)
|
Top of the 1st over - 0 run(s), 1 hit(s), 0 error(s), 2 left on base; BlackIron 0 - Santa Fe 0 |
BOTTOM OF THE 1ST |
Santa Fe Diablos batting - Pitching for BlackIron Dragons : RHP Fernando Mendoza
|
Pitching: RHP Fernando Mendoza
|
|
Batting: RHB Henning Huisman
|
0-0: SINGLE (Line Drive, 9LM)
|
Batting: SHB George Adams
|
0-0: Ball 1-0: Called Strike Henning Huisman is caught stealing 2nd base 1-1: SINGLE (Flyball, 8LS)
|
Batting: RHB Iván Gonzáles
|
0-0: Ball 1-0: Ball 2-0: SINGLE (Line Drive, 4MD) George Adams to second
|
Batting: RHB Júlio López
|
0-0: Foul Ball, location: 2F 0-1: Foul Ball, location: 2F 0-2: Strikes out looking
|
Batting: RHB Roberto Zamora
|
0-0: DOUBLE (Flyball, 78XD) George Adams scores Iván Gonzáles to third
|
Batting: LHB Gary Kern
|
0-0: Called Strike 0-1: Foul Ball, location: 2F 0-2: Ball 1-2: Strikes out swinging
|
Bottom of the 1st over - 1 run(s), 4 hit(s), 0 error(s), 2 left on base; BlackIron 0 - Santa Fe 1 |
TOP OF THE 2ND |
BlackIron Dragons batting - Pitching for Santa Fe Diablos : RHP Darryl Carter
|
Batting: RHB Frank Maxwell
|
0-0: Ball 1-0: Foul Ball, location: 2F 1-1: Ball 2-1: Ground out 5-3 (Groundball, 5S)
|
Batting: LHB Culley Vaughan
|
0-0: Ball 1-0: Ball 2-0: Called Strike 2-1: Fly out, F7 (Popup, 5D)
|
Batting: LHB Tommy Payne
|
0-0: Called Strike 0-1: Swinging Strike 0-2: Ball 1-2: Strikes out swinging
|
Top of the 2nd over - 0 run(s), 0 hit(s), 0 error(s), 0 left on base; BlackIron 0 - Santa Fe 1 |
BOTTOM OF THE 2ND |
Santa Fe Diablos batting - Pitching for BlackIron Dragons : RHP Fernando Mendoza
|
Batting: RHB Ray Davis
|
0-0: Ball 1-0: SINGLE (Popup, 78S)
|
Batting: LHB Don Soper
|
0-0: Ball 1-0: Ball 2-0: Fly out, F7 (Flyball, 7M)
|
Batting: RHB Michael Anderson
|
0-0: Called Strike 0-1: Ball 1-1: Called Strike 1-2: Foul Ball, location: 2F 1-2: Foul Ball, location: 2F 1-2: Ball 2-2: Ball 3-2: Reached on error, E4 (Groundball, 34) Ray Davis to second
|
Batting: RHB Henning Huisman
|
0-0: Foul Ball, location: 2F 0-1: Ball 1-1: Swinging Strike 1-2: Foul Ball, location: 2F 1-2: Foul Ball, location: 2F 1-2: Foul Ball, location: 2F 1-2: Ball 2-2: Foul Ball, location: 2F 2-2: Foul Ball, location: 2F 2-2: Ball 3-2: SINGLE (Groundball, 6MD) Ray Davis to third Michael Anderson to second Runner from 3rd tries for Home, SAFE, throw made home Michael Anderson to third Henning Huisman to second
|
Batting: SHB George Adams
|
0-0: Called Strike 0-1: Fly out, F9 (Flyball, 89M) Runner from 3rd tags up, OUT at HOME
|
Bottom of the 2nd over - 1 run(s), 2 hit(s), 1 error(s), 1 left on base; BlackIron 0 - Santa Fe 2 |
TOP OF THE 3RD |
BlackIron Dragons batting - Pitching for Santa Fe Diablos : RHP Darryl Carter
|
Batting: RHB Preston MacLyan
|
0-0: Ball 1-0: Swinging Strike 1-1: Ball 2-1: Swinging Strike 2-2: Ball 3-2: Base on Balls
|
Batting: RHB Mark Arnold
|
0-0: Swinging Strike 0-1: Called Strike Preston MacLyan steals 2nd base 0-2: Ball 1-2: Strikes out looking
|
Batting: RHB Boyd Pittman
|
0-0: Foul Ball, location: 2F 0-1: Called Strike 0-2: Ball 1-2: Ball 2-2: Ball 3-2: Strikes out looking
|
Batting: RHB Gil Palmer
|
0-0: SINGLE (Line Drive, 9LS) Preston MacLyan to third Runner from 3rd tries for Home, SAFE, no throw or cutoff
|
Batting: SHB Rick Turner
|
0-0: Called Strike 0-1: Ball 1-1: Swinging Strike 1-2: Ball 2-2: Ball 3-2: Foul Ball, location: 2F 3-2: Base on Balls Gil Palmer to second
|
Batting: RHB Edgardo Carrasco
|
0-0: Ball 1-0: Ball 2-0: Ball 3-0: Base on Balls Gil Palmer to third Rick Turner to second
|
Batting: RHB Frank Maxwell
|
0-0: Called Strike 0-1: Ball 1-1: Foul Ball, location: 2F 1-2: Strikes out swinging
|
Top of the 3rd over - 1 run(s), 1 hit(s), 0 error(s), 3 left on base; BlackIron 1 - Santa Fe 2 |
BOTTOM OF THE 3RD |
Santa Fe Diablos batting - Pitching for BlackIron Dragons : RHP Fernando Mendoza
|
Batting: RHB Iván Gonzáles
|
0-0: Ball 1-0: Ball 2-0: Foul Ball, location: 2F 2-1: Ball 3-1: Base on Balls
|
Batting: RHB Júlio López
|
0-0: Ball Iván Gonzáles is caught stealing 2nd base 1-0: Ball 2-0: Fly out, F6 (Line Drive, 6)
|
Batting: RHB Roberto Zamora
|
0-0: Called Strike 0-1: Foul Ball, location: 2F 0-2: Ball 1-2: Ground out 1-3 (Groundball, 15S)
|
Bottom of the 3rd over - 0 run(s), 0 hit(s), 0 error(s), 0 left on base; BlackIron 1 - Santa Fe 2 |
TOP OF THE 4TH |
BlackIron Dragons batting - Pitching for Santa Fe Diablos : RHP Darryl Carter
|
Batting: LHB Culley Vaughan
|
0-0: Ball 1-0: Ball 2-0: Foul Ball, location: 2F 2-1: Ball 3-1: Called Strike 3-2: Strikes out swinging
|
Batting: LHB Tommy Payne
|
0-0: Fly out, F4 (Line Drive, 4)
|
Batting: RHB Preston MacLyan
|
0-0: Hit by Pitch
|
Batting: RHB Mark Arnold
|
0-0: Ball Preston MacLyan steals 2nd base 1-0: Ground out 3-4 (Groundball, 3S)
|
Top of the 4th over - 0 run(s), 0 hit(s), 0 error(s), 1 left on base; BlackIron 1 - Santa Fe 2 |
BOTTOM OF THE 4TH |
Santa Fe Diablos batting - Pitching for BlackIron Dragons : RHP Fernando Mendoza
|
Batting: LHB Gary Kern
|
0-0: Foul Ball, location: 2F 0-1: Called Strike 0-2: Ball 1-2: Ball 2-2: Ball 3-2: Base on Balls
|
Batting: RHB Ray Davis
|
0-0: Ball 1-0: Foul Ball, location: 2F 1-1: Ball 2-1: Foul Ball, location: 2F 2-2: DOUBLE (Flyball, 78M) Gary Kern to third
|
Batting: LHB Don Soper
|
0-0: Swinging Strike 0-1: Foul Ball, location: 2F 0-2: Ball 1-2: Strikes out swinging
|
Batting: RHB Michael Anderson
|
0-0: Ball 1-0: Called Strike 1-1: DOUBLE (Line Drive, 9LS) Gary Kern scores Ray Davis scores
|
Batting: RHB Henning Huisman
|
0-0: Ball 1-0: Foul Ball, location: 2F 1-1: Ball 2-1: DOUBLE (Line Drive, 7LS) Michael Anderson scores
|
Batting: SHB George Adams
|
0-0: Ball 1-0: Ball 2-0: Foul Ball, location: 2F 2-1: Foul Ball, location: 2F 2-2: Ball 3-2: Base on Balls
|
Batting: RHB Iván Gonzáles
|
0-0: Ball 1-0: Ball Henning Huisman steals 3rd base George Adams to second 2-0: Ball 3-0: Called Strike 3-1: Base on Balls
|
Batting: RHB Júlio López
|
0-0: Ball 1-0: Called Strike 1-1: Ball 2-1: Ground out U3 (Groundball, 3S) Henning Huisman scores George Adams to third Iván Gonzáles to second
|
Batting: RHB Roberto Zamora
|
0-0: Ball 1-0: Ball 2-0: Called Strike 2-1: SINGLE (Groundball, 6MD) George Adams scores Iván Gonzáles to third Runner from 3rd tries for Home, SAFE, throw made home Roberto Zamora to second
|
Pitching: LHP Nick Walters
|
|
Batting: LHB Gary Kern
|
0-0: Called Strike 0-1: Ball 1-1: Foul Ball, location: 2F 1-2: Strikes out swinging
|
Bottom of the 4th over - 6 run(s), 4 hit(s), 0 error(s), 1 left on base; BlackIron 1 - Santa Fe 8 |
TOP OF THE 5TH |
BlackIron Dragons batting - Pitching for Santa Fe Diablos : RHP Darryl Carter
|
Batting: RHB Boyd Pittman
|
0-0: Ground out 4-3 (Groundball, 4)
|
Batting: RHB Gil Palmer
|
0-0: Foul Ball, location: 2F 0-1: Ball 1-1: Fly out, F9 (Popup, 4D)
|
Batting: SHB Rick Turner
|
0-0: Ball 1-0: DOUBLE (Flyball, 8LXD) - OUT at third base trying to stretch hit.
|
Top of the 5th over - 0 run(s), 1 hit(s), 0 error(s), 0 left on base; BlackIron 1 - Santa Fe 8 |
BOTTOM OF THE 5TH |
Santa Fe Diablos batting - Pitching for BlackIron Dragons : LHP Nick Walters
|
Batting: RHB Ray Davis
|
0-0: Ball 1-0: Foul Ball, location: 2F 1-1: Called Strike 1-2: Ball 2-2: Ball 3-2: Foul Ball, location: 2F 3-2: Base on Balls
|
Batting: LHB Don Soper
|
0-0: Called Strike 0-1: Called Strike 0-2: Ball 1-2: Ball 2-2: Ball 3-2: Base on Balls Ray Davis to second
|
Batting: RHB Michael Anderson
|
0-0: Called Strike 0-1: Foul Ball, location: 2F 0-2: Ball 1-2: Ball 2-2: Grounds into double play, 6-4-3 (Groundball, 6M) Ray Davis to third
|
Batting: RHB Henning Huisman
|
0-0: 2-RUN HOME RUN (Flyball, 7LD), Distance : 335 ft
|
Batting: SHB George Adams
|
0-0: Ball 1-0: Called Strike 1-1: Ball 2-1: Called Strike 2-2: Foul Ball, location: 2F 2-2: Foul Ball, location: 2F 2-2: Ground out 5-3 (Groundball, 56)
|
Bottom of the 5th over - 2 run(s), 1 hit(s), 0 error(s), 0 left on base; BlackIron 1 - Santa Fe 10 |
TOP OF THE 6TH |
BlackIron Dragons batting - Pitching for Santa Fe Diablos : RHP Darryl Carter
|
Batting: RHB Edgardo Carrasco
|
0-0: Ball 1-0: Ball 2-0: SINGLE (Line Drive, 56D)
|
Batting: RHB Frank Maxwell
|
0-0: Ball 1-0: Ball 2-0: SINGLE (Groundball, 5D) Edgardo Carrasco to second
|
Batting: LHB Culley Vaughan
|
0-0: Ball 1-0: Ball 2-0: Called Strike 2-1: 3-RUN HOME RUN (Flyball, 9LD), Distance : 315 ft
|
Batting: LHB Tommy Payne
|
0-0: Ball 1-0: Ball 2-0: Ball 3-0: Called Strike 3-1: SINGLE (Line Drive, 89S)
|
Batting: RHB Preston MacLyan
|
0-0: Ball 1-0: Ball Tommy Payne steals 2nd base 2-0: Ground out 6-3 (Groundball, 6M) Tommy Payne to third
|
Batting: RHB Mark Arnold
|
0-0: Fly out, F6 (Popup, 6MD)
|
Pitching: RHP Raúl Gómez
|
|
Batting: RHB Boyd Pittman
|
0-0: Hit by Pitch
|
Batting: RHB Gil Palmer
|
0-0: Foul Ball, location: 2F 0-1: Ball 1-1: Called Strike 1-2: Foul Ball, location: 2F 1-2: Foul Ball, location: 2F 1-2: Fielders Choice at 2nd, U6 (Groundball, 6M)
|
Top of the 6th over - 3 run(s), 4 hit(s), 0 error(s), 2 left on base; BlackIron 4 - Santa Fe 10 |
BOTTOM OF THE 6TH |
Santa Fe Diablos batting - Pitching for BlackIron Dragons : LHP Nick Walters
|
Batting: RHB Iván Gonzáles
|
0-0: Called Strike 0-1: Ball 1-1: Called Strike 1-2: Fly out, F9 (Flyball, 9LD)
|
Batting: RHB Júlio López
|
0-0: Ball 1-0: Called Strike 1-1: Called Strike 1-2: Ball 2-2: Strikes out swinging
|
Batting: RHB Roberto Zamora
|
0-0: Ball 1-0: Ball 2-0: Ball 3-0: Base on Balls
|
Batting: LHB Gary Kern
|
0-0: Called Strike 0-1: Ball 1-1: Ball 2-1: Foul Ball, location: 2F 2-2: Foul Ball, location: 2F 2-2: Foul Ball, location: 2F 2-2: Strikes out swinging
|
Bottom of the 6th over - 0 run(s), 0 hit(s), 0 error(s), 1 left on base; BlackIron 4 - Santa Fe 10 |
TOP OF THE 7TH |
BlackIron Dragons batting - Pitching for Santa Fe Diablos : RHP Raúl Gómez
|
Batting: SHB Rick Turner
|
0-0: Swinging Strike 0-1: Ball 1-1: SOLO HOME RUN (Flyball, 89XD), Distance : 398 ft
|
Batting: RHB Edgardo Carrasco
|
0-0: Foul Ball, location: 2F 0-1: Fly out, F9 (Flyball, 9S)
|
Batting: RHB Frank Maxwell
|
0-0: SINGLE (Line Drive, 6MD)
|
Batting: LHB Culley Vaughan
|
0-0: Ball 1-0: Ball 2-0: Ball 3-0: Called Strike 3-1: DOUBLE (Groundball, 3D) Frank Maxwell to third
|
Batting: LHB Tommy Payne
|
0-0: Called Strike 0-1: Ball 1-1: Ball 2-1: Ball 3-1: Swinging Strike 3-2: Strikes out swinging
|
Batting: RHB Preston MacLyan
|
0-0: Ball 1-0: Swinging Strike 1-1: Foul Ball, location: 2F 1-2: Ball 2-2: Ball 3-2: Foul Ball, location: 2F 3-2: Foul Ball, location: 2F 3-2: SINGLE (Groundball, 6MD) (infield hit) Frank Maxwell scores Culley Vaughan to third
|
Batting: RHB Mark Arnold
|
0-0: Ball Wild Pitch! Culley Vaughan scores Preston MacLyan to second 1-0: Ball 2-0: Foul Ball, location: 2F 2-1: Foul Ball, location: 2F 2-2: Strikes out looking
|
Top of the 7th over - 3 run(s), 4 hit(s), 0 error(s), 1 left on base; BlackIron 7 - Santa Fe 10 |
BOTTOM OF THE 7TH |
Santa Fe Diablos batting - Pitching for BlackIron Dragons : LHP Nick Walters
|
Pitching: RHP Julián Romero
|
|
Batting: RHB Ray Davis
|
0-0: Swinging Strike 0-1: SINGLE (Line Drive, 78S)
|
Batting: LHB Don Soper
|
0-0: Foul Ball, location: 2F 0-1: Ball 1-1: Ball 2-1: Bunted foul 2-2: Grounds into double play, 4-6-3 (Groundball, 4)
|
Batting: RHB Michael Anderson
|
0-0: Foul Ball, location: 2F 0-1: Ball 1-1: Ball 2-1: Ball 3-1: Called Strike 3-2: Strikes out swinging
|
Bottom of the 7th over - 0 run(s), 1 hit(s), 0 error(s), 0 left on base; BlackIron 7 - Santa Fe 10 |
TOP OF THE 8TH |
BlackIron Dragons batting - Pitching for Santa Fe Diablos : RHP Raúl Gómez
|
Now in RF: Keith Jones
|
|
Batting: RHB Boyd Pittman
|
0-0: Ball 1-0: Ball 2-0: Swinging Strike 2-1: Ground out 5-3 (Groundball, 56)
|
Batting: RHB Gil Palmer
|
0-0: Ball 1-0: Ball 2-0: Ball 3-0: Called Strike 3-1: Foul Ball, location: 2F 3-2: Base on Balls
|
Pitching: RHP Tex Perkins
|
|
Batting: SHB Rick Turner
|
0-0: Swinging Strike 0-1: Called Strike 0-2: Strikes out swinging
|
Batting: RHB Edgardo Carrasco
|
0-0: Ball 1-0: Foul Ball, location: 2F 1-1: Foul Ball, location: 2F 1-2: Ball 2-2: Strikes out looking
|
Top of the 8th over - 0 run(s), 0 hit(s), 0 error(s), 1 left on base; BlackIron 7 - Santa Fe 10 |
BOTTOM OF THE 8TH |
Santa Fe Diablos batting - Pitching for BlackIron Dragons : RHP Julián Romero
|
Batting: RHB Henning Huisman
|
0-0: Ball 1-0: SINGLE (Flyball, 4D)
|
Batting: SHB George Adams
|
0-0: Called Strike 0-1: Ball 1-1: Bunted foul 1-2: Strikes out swinging
|
Batting: RHB Iván Gonzáles
|
0-0: Ball 1-0: SINGLE (Line Drive, 8LS) Henning Huisman to second
|
Batting: RHB Júlio López
|
0-0: Foul Ball, location: 2F 0-1: Swinging Strike 0-2: Ball 1-2: Foul Ball, location: 2F 1-2: Foul Ball, location: 2F 1-2: Ball 2-2: DOUBLE (Groundball, 5L) Henning Huisman scores Iván Gonzáles to third
|
Batting: RHB Roberto Zamora
|
0-0: Intentional Walk
|
Batting: RHB Keith Jones
|
0-0: Fielders Choice at 2nd, 6-4 (Groundball, 6) Iván Gonzáles scores Júlio López to third
|
Batting: RHB Ray Davis
|
0-0: Ball 1-0: Foul Ball, location: 2F 1-1: SINGLE (Groundball, 56D) Júlio López scores Keith Jones to second
|
Batting: LHB Don Soper
|
0-0: Ball 1-0: Ball 2-0: Ground out 1-3 (Groundball, 15)
|
Bottom of the 8th over - 3 run(s), 4 hit(s), 0 error(s), 2 left on base; BlackIron 7 - Santa Fe 13 |
TOP OF THE 9TH |
BlackIron Dragons batting - Pitching for Santa Fe Diablos : RHP Tex Perkins
|
Batting: RHB Frank Maxwell
|
0-0: Ball 1-0: Ball 2-0: Ball 3-0: Base on Balls
|
Batting: LHB Culley Vaughan
|
0-0: Foul Ball, location: 2F 0-1: Swinging Strike 0-2: Ball 1-2: Strikes out looking
|
Batting: LHB Tommy Payne
|
0-0: Ball 1-0: Ball 2-0: Foul Ball, location: 2F 2-1: Ball 3-1: Foul Ball, location: 2F 3-2: Strikes out swinging
|
Batting: RHB Preston MacLyan
|
0-0: Ball 1-0: Fly out, F8 (Flyball, 8LXD)
|
Top of the 9th over - 0 run(s), 0 hit(s), 0 error(s), 1 left on base; BlackIron 7 - Santa Fe 13 |
|